 Dungeon Crawl Stone Soup version 0.30-a0-672-gc3a7216ad8 (webtiles) character file.

Game seed: 4330918712433640150

9590 wormed the Transmogrifier (level 11, -7/86 HPs)
             Began as an Octopode Transmuter on Jan 19, 2023.
             Was an Initiate of Gozag.
             Mangled by a six-headed hydra (12 damage)
             ... on level 1 of the Lair of Beasts.
             The game lasted 00:20:05 (12609 turns).

wormed the Transmogrifier (Octopode Transmuter)    Turns: 12609, Time: 00:20:06

Health: -7/86      AC:  8    Str: 10    XL:     11   Next: 48%
Magic:  17/20      EV: 12    Int: 19    God:    Gozag
Gold:   669        SH:  0    Dex: 13    Spells: 15/22 levels left

rFire   . . .      SeeInvis +      - Unarmed
rCold   + + +      Faith    .    (shield currently unavailable)
rNeg    . . .      Spirit   .    (helmet currently unavailable)
rPois   +          Reflect  .    r - amulet of regeneration
rElec   .          Harm     .    g - ring of flight
rCorr   .          Rampage  .    p - ring of see invisible
Will    .....                    w - ring of protection from fire
Stlth   +                        G - ring of wizardry
HPRegen 1.14/turn                (no ring)
MPRegen 0.17/turn                (no ring)
                                 (no ring)
                                 (no ring)

@: ice-form, flying
A: freezing attack, boosted hp, almost no armour, amphibious, 8 rings, large,
(camouflage 1), (gelatinous body 1), (nimble swimmer 1), (tentacles)
a: End Transformation, Renounce Religion, Potion Petition, Call Merchant, Bribe
Branch


You were on level 1 of the Lair of Beasts.
You worshipped Gozag.
Gozag was pleased with you.
You were a creature of crystalline ice.
You visited 3 branches of the dungeon, and saw 12 of its levels.
You also visited: Sewer.

You collected 1992 gold pieces.
You spent 420 gold pieces at shops.
You paid 903 gold pieces to Gozag.

Inventory:

Missiles
 F - a throwing net
Jewellery
 c - an amulet of reflection
 g - a ring of flight (left front paw)
 p - a ring of see invisible (right front paw)
 r - an amulet of regeneration (around neck)
 s - a ring of fire
 w - a ring of protection from fire (on tentacle)
 G - a ring of wizardry (on tentacle)
Wands
 C - a wand of flame (40) (quivered)
Scrolls
 a - 3 scrolls of enchant weapon
 e - 4 scrolls of amnesia
 h - 2 scrolls of fog
 k - 7 scrolls of teleportation
 n - a scroll of enchant armour
 q - a scroll of identify
 t - a scroll of butterflies {unknown}
 u - a scroll of poison {unknown}
 x - 2 scrolls of vulnerability {unknown}
 y - a scroll of magic mapping {unknown}
 A - a scroll of torment {unknown}
 B - 2 scrolls of fear
Potions
 b - a potion of heal wounds
 d - a potion of might
 f - a potion of berserk rage
 i - 3 potions of curing
 j - a potion of cancellation
 l - 2 potions of brilliance
 m - a potion of attraction
 o - a potion of ambrosia
 v - a potion of lignification
 z - a potion of flight
 D - a potion of haste
 E - a potion of invisibility


   Skills:
 + Level 5.3 Fighting
 + Level 5.6 Dodging
 + Level 6.1 Unarmed Combat
 + Level 6.1 Spellcasting
 * Level 10.7 Transmutations
 - Level 4.0 Ice Magic
 + Level 9.5 Air Magic


You had 15 spell levels left.
You knew the following spells:

 Your Spells              Type           Power      Damage    Failure   Level
a - Ice Form              Ice/Tmut       33%        N/A       2%          4
b - Wereblood             Tmut           46%        N/A       1%          2
z - Beastly Appendage     Tmut           92%        N/A       1%          1

Your spell library contained the following spells:

 Spells                   Type           Power      Damage    Failure   Level
 Spider Form              Tmut/Pois      26%        N/A       1%          3
 Apportation              Tloc           10%        N/A       4%          1
 Necrotise                Necr           20%        1d5       4%          1
 Summon Small Mammal      Summ           20%        N/A       4%          1
 Summon Guardian Golem    Hex/Summ       5%         N/A       13%         3
 Anguish                  Hex/Necr       2%         N/A       38%         4
 Enfeeble                 Hex            2%         N/A       100%        7
 Orb of Destruction       Conj           2%         9d5       100%        7
 Spellforged Servitor     Conj/Summ      2%         N/A       100%        7


Dungeon Overview and Level Annotations

Branches:
Dungeon (10/15)            Temple (1/1) D:4            Lair (1/5) D:8
  Sewer (visited)
    Orc: D:9-12

Altars:
Ashenzari
Cheibriados
Dithmenos
Elyvilon
Fedhas
Gozag
Hepliaklqana
Kikubaaqudgha
Makhleb
Nemelex Xobeh
Okawaru
Qazlal
Ru
Sif Muna
Trog
Uskayaw
Vehumet
Wu Jian
Xom
Yredelemnul
Zin
The Shining One

Shops:
D:2 !?[=   D:5 *   D:7 *   D:9 :

Annotations:
D:3 1 runed translucent door
D:9 Amaemon


Innate Abilities, Weirdness & Mutations

You are a creature of crystalline ice.
You have a powerful freezing melee attack.
Your maximum health is increased.
Your armour is entirely melded.
You are incapable of wielding weapons or throwing items.
You cannot wear most types of armour.
You are amphibious.
You can wear up to eight rings at the same time.
((Your skin changes colour to match your surroundings (Stealth+).))
((Your rubbery body absorbs attacks. (AC +1, EV +1)))
((You are camouflaged when in or above water. (Stealth+)))
((You have tentacles for arms and can constrict up to eight enemies at once.))


Message History

Press: ? - help, Q - select action, (/) - cycle Shift-Dir - straight line, f/p - six-headed hydra
Aim: a six-headed hydra (lightly wounded, 89% to hit)
The puff of flame misses the six-headed hydra.
You hit the six-headed hydra. You freeze the six-headed hydra.
The six-headed hydra is lightly wounded.
The six-headed hydra bites you but does no damage.
The six-headed hydra barely misses you. The six-headed hydra bites you.
The six-headed hydra misses you. The six-headed hydra bites you. x2
You punch the six-headed hydra! You freeze the six-headed hydra.
The six-headed hydra is heavily wounded.
The six-headed hydra closely misses you.
The six-headed hydra bites you but does no damage. x2
The six-headed hydra closely misses you.
The six-headed hydra barely misses you. The six-headed hydra bites you!
You hit the six-headed hydra. You freeze the six-headed hydra.
The six-headed hydra is heavily wounded.
The six-headed hydra bites you! x2
The six-headed hydra bites you but does no damage.
The six-headed hydra completely misses you.
The six-headed hydra misses you. The six-headed hydra bites you.
You punch the six-headed hydra! You freeze the six-headed hydra.
The six-headed hydra is severely wounded.
The six-headed hydra completely misses you.
The six-headed hydra bites you.
The six-headed hydra closely misses you.
The six-headed hydra bites you! x2
* * * LOW HITPOINT WARNING * * *
The six-headed hydra bites you but does no damage.
You hit the six-headed hydra. You freeze the six-headed hydra.
The six-headed hydra is almost dead.
The six-headed hydra bites you.
* * * LOW HITPOINT WARNING * * *
The six-headed hydra bites you but does no damage.
The six-headed hydra barely misses you. The six-headed hydra bites you.
* * * LOW HITPOINT WARNING * * *
The six-headed hydra bites you!
* * * LOW HITPOINT WARNING * * *
The six-headed hydra bites you!
You die...
Your body crumbles into a pile of gold.

.......##..##
.............##
..............##
...........~.~..#
$.........~≈~~~..
...........~≈≈≈~..
...........~≈≈≈~~.
#......#..Y~~≈≈≈~.
## #.....#..D.≈≈≈≈~.
..##......#.~~≈≈≈~~.
........#...~≈≈≈~~..
.............~≈≈~...
............~.~~....
....................
....................
..##.....##.........


You could see a six-headed hydra.

Vanquished Creatures
  A rime drake (Lair:1)
  A komodo dragon (D:8)
  2 trolls (D:10)
  A shadow (D:9)
  4 wyverns
  A wraith (D:10)
  A basilisk (D:8)
  A steam dragon (D:8)
  8 yaks
  6 water moccasins
  4 orc warriors
  A sky beast (D:8)
  3 ice beasts
  3 black bears
  5 centaurs
  A phantom (D:5)
  A kobold brigand (D:7)
  A gnoll sergeant (D:8)
  2 necrophages (D:4)
  10 wights
  An electric eel (Lair:1)
  2 jellies
  4 hounds
  A gnoll bouda (D:7)
  An orc priest (D:4)
  3 iguanas
  Natasha (thrice) (D:4)
  5 orc wizards
  Robin (D:2)
  14 gnolls
  7 adders
  A river rat (Sewer)
  3 white imps
  2 worms (D:2)
  2 dart slugs (D:4)
  22 orcs
  5 bats
  4 endoplasms
  5 giant cockroaches
  17 goblins
  8 hobgoblins
  2 jackals (D:1)
  11 kobolds
  4 quokkas
  13 ball pythons
  16 frilled lizards
  A goblin zombie (D:3)
  A kobold skeleton (D:3)
  12 rats
228 creatures vanquished.

Vanquished Creatures (others)
  4 fungi (D:8)
  26 plants (D:8)
30 creatures vanquished.

Grand Total: 258 creatures vanquished

Notes
Turn   | Place    | Note
-------+----------+-------------------------------------------
     0 | D:1      | wormed the Octopode Transmuter began the quest for the Orb.
     0 | D:1      | Reached XP level 1. HP: 13/13 MP: 3/3
   117 | D:1      | Reached XP level 2. HP: 18/18 MP: 3/5
   212 | D:1      | Reached skill level 1 in Ice Magic
   274 | D:1      | Reached XP level 3. HP: 18/23 MP: 4/6
   366 | D:1      | Found a faded altar of an unknown god.
   890 | D:2      | Found Calinwef's Armour Emporium.
   945 | D:2      | Found Labluy's Jewellery Boutique.
   951 | D:2      | Found Daiweri's Magic Scroll Shop.
  1008 | D:2      | Found Binixuirch's Distillery.
  1061 | D:2      | Learned a level 2 spell: Wereblood
  1172 | D:2      | Noticed Robin
  1182 | D:2      | Reached XP level 4. HP: 15/28 MP: 8/8
  1199 | D:2      | Reached skill level 3 in Transmutations
  1212 | D:2      | Killed Robin
  1348 | D:1      | Learned a level 4 spell: Ice Form
  2310 | D:3      | Found a runed translucent door.
  2310 | D:3      | Noticed a human
  2322 | D:3      | Found a basalt altar of Yredelemnul.
  2497 | D:3      | Reached XP level 5. HP: 27/33 MP: 9/9
  3107 | D:4      | Noticed Natasha
  3122 | D:4      | Killed Natasha
  3215 | D:4      | Found a glowing drain.
  3220 | D:4      | Found a staircase to the Ecumenical Temple.
  3250 | D:4      | Reached XP level 6. HP: 25/38 MP: 7/11
  3259 | Temple   | Entered the Ecumenical Temple
  3740 | Sewer    | Entered a sewer
  3969 | Sewer    | Reached skill level 4 in Transmutations
  4572 | D:4      | Noticed Natasha
  4580 | D:4      | Killed Natasha
  4798 | D:4      | Reached XP level 7. HP: 21/43 MP: 4/12
  5090 | D:4      | Noticed Natasha
  5099 | D:4      | Killed Natasha
  5185 | D:4      | Found an ornate altar of the Wu Jian Council.
  5255 | D:4      | Found a hide-covered altar of Uskayaw.
  5255 | D:4      | Noticed a +0 dagger
  5256 | D:4      | Noticed a +0 hand axe
  5509 | D:5      | Entered Level 5 of the Dungeon
  5509 | D:5      | Found Amiejes's Lightly-Used Armoury.
  5833 | D:4      | Reached skill level 5 in Transmutations
  5975 | D:5      | Identified a scroll of acquirement
  5975 | D:5      | Acquired 848 gold pieces
  6059 | D:5      | Reached XP level 8. HP: 33/51 MP: 9/14
  6186 | D:2      | Bought an amulet of regeneration for 420 gold pieces
  6684 | D:6      | Found a radiant altar of Vehumet.
  6983 | D:6      | Found a glowing silver altar of Zin.
  6992 | D:6      | Found a white marble altar of Elyvilon.
  7157 | D:6      | Found an ancient bone altar of Kikubaaqudgha.
  7508 | D:6      | Noticed a gargoyle
  8178 | D:7      | Reached skill level 6 in Transmutations
  8606 | D:7      | Reached XP level 9. HP: 58/58 MP: 9/16
  8906 | D:7      | Reached skill level 5 in Spellcasting
  9192 | D:7      | Found Niapsyej's Mayhem Merchandise.
  9232 | D:7      | Reached skill level 7 in Transmutations
  9260 | D:7      | Acquired 670 gold pieces
  9865 | D:8      | Reached skill level 5 in Unarmed Combat
 10058 | D:7      | Reached skill level 9 in Transmutations
 10058 | D:7      | Reached XP level 10. HP: 65/65 MP: 18/18
 10245 | D:8      | Reached skill level 10 in Transmutations
 10286 | D:8      | Found a staircase to the Lair.
 10489 | D:8      | Reached skill level 5 in Dodging
 10537 | D:8      | Reached XP level 11. HP: 65/70 MP: 16/19
 10898 | D:9      | Reached skill level 5 in Fighting
 11001 | D:9      | Found an opulent altar of Gozag.
 11114 | D:9      | Found a stormy altar of Qazlal.
 11118 | D:9      | Noticed Amaemon
 11220 | D:10     | Entered Level 10 of the Dungeon
 11343 | D:10     | Found an iron altar of Okawaru.
 12254 | D:9      | Became a worshipper of Gozag Ym Sagoz the Greedy
 12474 | Lair:1   | Entered Level 1 of the Lair of Beasts
 12589 | Lair:1   | Noticed a six-headed hydra
 12609 | Lair:1   | Mangled by a six-headed hydra

Illustrated notes

Levels and vault maps discovered:
D:1:      lightli_arrival_noodles, layout_basic, ebering_ecumenical_altar_mist
D:2:      layout_basic, serial_shops, shop, shop, nicolae_diamond_shop, shop,
          st_stairs_6, minmay_lizard_pond, uniq_robin
D:3:      layout_basic, dk_yredelemnul_ordeal
D:4:      layout_loops_cross, dancing_weapons_uskayaw,
          mainiacjoe_overflow_catwalk, minmay_temple_entry_mist,
          gup_sewer_entry_glass, kennysheep_generic_room_5, uniq_natasha
D:5:      layout_cave_pools, chequers_serial_rivers_micro_e,
          minmay_shop_damaged, corexii_item_surrounded_by_moat
D:6:      layout_basic, vehumet_crystals, kiku_gazebo_garden_becter,
          mainiacjoe_overflow_swirl, kennysheep_generic_room_14
D:7:      layout_layer_cave, minmay_shop_mayhem
D:8:      layout_rooms, minmay_lair_entry_grove
D:9:      layout_long_grid, nicolae_qazlal_scattered_showers,
          kennysheep_mini_moat, uniq_amaemon
D:10:     layout_cave_pods, mainiacjoe_overflow_boulevard,
          corexii_hall_statues_l
Temple:   minmay_temple_forest_path
Lair:1:   layout_hall_layers, lightli_volcano_entry_magma_tube, minivault_19,
          infiniplex_staircase_pool

Skill      XL: |  1  2  3  4  5  6  7  8  9 10 11 |
---------------+----------------------------------+-----
Ice Magic      | 1 2 3 4 |  4.0
Transmutations | 3 4 5 6 9 10 | 10.7
Spellcasting   | 3 4 5 6 |  6.1
Fighting       | 2 3 4 5 |  5.3
Dodging        | 3 4 5 |  5.6
Unarmed Combat | 4 5 6 |  6.1
Air Magic      | 9 |  9.5

Action                   |  1- 3 |  4- 6 |  7- 9 | 10-12 || total
-------------------------+-------+-------+-------+-------++-------
Melee: Unarmed           |    76 |   191 |   195 |   214 ||   676
       Constrict         |    28 |    24 |     2 |       ||    54
       Tentacles         |    11 |    18 |     1 |       ||    30
       Kick              |    16 |    13 |       |       ||    29
       Punch             |     4 |     4 |       |       ||     8
 Cast: Beastly Appendage |    19 |    14 |       |       ||    33
       Wereblood         |     1 |    12 |    20 |    18 ||    51
       Ice Form          |       |    15 |    36 |    25 ||    76
Invok: Call Merchant     |       |       |       |     1 ||     1
Evoke: Wand              |       |       |       |     3 ||     3
  Use: Scroll            |     4 |     6 |    10 |     4 ||    24
       Potion            |     1 |     2 |     3 |     3 ||     9
 Stab: Sleeping          |     4 |     6 |       |       ||    10
Armor: Skin              |     9 |   135 |    65 |    46 ||   255
Dodge: Dodged            |    45 |   101 |   101 |   128 ||   375

Table legend: (Time is in decaauts)
 A = Elapsed time spent in this place.
 B = Non-inter-level travel time spent in this place.
 C = Inter-level travel time spent in this place.
 D = Time resting spent in this place.
 E = Time spent auto-exploring this place.
 F = Levels seen in this place.
 G = Mean time per level.
                   A        B        C        D        E       F      G
               +--------+--------+--------+--------+--------+-----+--------+
         Total |  12571 |  11656 |    915 |    140 |   9039 |  13 |  967.0 |
       Dungeon |  11235 |  10364 |    871 |     37 |   8080 |  10 | 1123.5 |
        Temple |    449 |    405 |     44 |      0 |    393 |   1 |  449.0 |
          Lair |     81 |     81 |      0 |      0 |     43 |   1 |   81.0 |
         Sewer |    804 |    804 |      0 |    103 |    523 |   1 |  804.0 |
               +--------+--------+--------+--------+--------+-----+--------+

Top non-repeatable levels by time:
     D:7: 1846 daAuts
     D:6: 1356 daAuts
     D:4: 1337 daAuts
     D:2: 1235 daAuts
     D:3: 1021 daAuts
     D:1: 970 daAuts
    D:10: 950 daAuts
     D:8: 932 daAuts
     D:5: 874 daAuts
   Sewer: 804 daAuts
     D:9: 711 daAuts
  Temple: 449 daAuts
  Lair:1: 81 daAuts
